 Dungeon Crawl Stone Soup version 0.29.1-2-gbd0b4ee654 (webtiles) character file.

Game seed: 15769151526331077163

1492 KittyFluff the Cudgeller (level 8, -5/50 HPs)
             Began as a Gargoyle Berserker on Oct 31, 2022.
             Was a Priest of Trog.
             Slain by a gnoll sergeant
             ... wielding a +0 spear
              (7 damage)
             ... on level 5 of the Dungeon.
             The game lasted 00:21:52 (5571 turns).

KittyFluff the Cudgeller (Gargoyle Berserker)       Turns: 5571, Time: 00:21:54

Health: -5/50      AC:  9    Str: 20    XL:     8   Next: 80%
Magic:  8/8        EV: 13    Int:  9    God:    Trog [***...]
Gold:   310        SH:  0    Dex: 11    Spells: 7/7 levels left

rFire   . . .      SeeInvis .   C - +2 quarterstaff (chaos)
rCold   . . .      Faith    .   (shield currently unavailable)
rNeg    + . .      Spirit   .   p - +0 robe
rPois   ∞          Reflect  .   (no helmet)
rElec   +          Harm     .   D - +0 cloak {Stlth+}
rCorr   .          Rampage  .   (no gloves)
Will    .....                   (no boots)
Stlth   +++.......              (no amulet)
HPRegen 0.16/turn               (no ring)
MPRegen 0.11/turn               (no ring)

@: on berserk cooldown, slowed, studying Evocations, very slow
A: sickness immunity, AC +5, negative energy resistance 1, electricity
resistance, torment resistance 1, petrification resistance
a: Renounce Religion, Berserk, Trog's Hand


You were on level 5 of the Dungeon.
You worshipped Trog.
Trog was most pleased with you.
You visited 1 branch of the dungeon, and saw 6 of its levels.
You also visited: Sewer.

You collected 310 gold pieces.

Inventory:

Hand Weapons
 a - a +0 mace
 C - a +2 quarterstaff of chaos (weapon)
 F - a +2 whip of electrocution
Armour
 g - a +0 leather armour
 p - a +0 robe (worn)
 D - a +0 cloak of stealth (worn)
Wands
 y - a wand of digging (7)
Scrolls
 b - a scroll of torment {unknown}
 e - 2 scrolls of enchant armour {unknown}
 f - a scroll of silence {unknown}
 h - a scroll of magic mapping {unknown}
 i - a scroll of immolation {unknown}
 j - 5 scrolls of enchant weapon {unknown}
 k - 4 scrolls of blinking {unknown}
 l - a scroll of summoning {unknown}
 m - 2 scrolls of noise {unknown}
 o - a scroll of butterflies
 q - a scroll of brand weapon {unknown}
 r - a scroll of poison {unknown}
 s - a scroll of vulnerability {unknown}
 u - 4 scrolls of teleportation {unknown}
 E - a scroll of fear {unknown}
Potions
 c - a potion of might
 d - a potion of attraction
 n - 2 potions of lignification
 t - a potion of curing
 v - a potion of flight {unknown}
 w - 2 potions of magic {unknown}
 x - a potion of invisibility {unknown}
 z - a potion of cancellation {unknown}
 A - a potion of resistance {unknown}
 B - 2 potions of degeneration {unknown}


   Skills:
 + Level 5.5 Fighting
 + Level 5.5(6.4) Maces & Flails
 * Level 5.0(6.1) Staves
 * Level 5.3 Armour
 + Level 4.1 Dodging
 + Level 2.6 Stealth


You had 7 spell levels left.
You didn't know any spells.
Your spell library was empty.

Dungeon Overview and Level Annotations

Branches:
Dungeon (6/15)             Temple (0/1) D:4           Sewer (visited)

Altars:
Ashenzari
Makhleb

Shops:
D:4 *


Innate Abilities, Weirdness & Mutations

You are immune to sickness and miasma.
Your stone body is resilient. (AC +5)
You are immune to poison.
You resist negative energy. (rN+)
You are resistant to electric shocks. (rElec)
You are resistant to unholy torment.
You are immune to petrification.


Message History

An orc comes into view. It is wielding a +0 falchion.
The orc shouts!
You hit the orc.
The orc is moderately wounded.
An ogre comes into view. It is wielding a +0 giant spiked club.
The orc hits you but does no damage.
You sock the orc!
You kill the orc!
Trog accepts your kill.
The orc hits you from afar with a +0 trident.
A red film seems to cover your vision as you go berserk!
You feel yourself moving faster!
You feel mighty! The orc hits you but does no damage.
You feel a strong urge to attack something.
You climb upwards.
The gnoll hits you but does no damage. The gnoll closely misses you.
There is a stone staircase leading down here.
You sock the ogre! You burn the ogre.
The ogre is heavily wounded.
The ogre barely misses you.
You sock the ogre!
You kill the ogre!
Trog accepts your kill. The gnoll misses you.
Your base Staves skill increases to level 5!
You sock the gnoll!
The gnoll seems to grow stronger.
The gnoll is heavily wounded.
You closely miss the gnoll.
The gnoll is heavily wounded.
You are no longer berserk.
You are exhausted.
You feel yourself slow down. The gnoll barely misses you.
You barely miss the gnoll.
The gnoll is heavily wounded.
The gnoll hits you with a +0 whip.
* * * LOW HITPOINT WARNING * * *
The gnoll sergeant hits you from afar with a +0 spear!
* * * LOW HITPOINT WARNING * * *
The gnoll sergeant hits you from afar with a +0 spear!
You die...

#####+###..######## #§≈≈...§
#..##..##..###....# #.≈.≈≈§.
#..#..............###g≈g§§§§
#..'...............##.g≈§§≈§
#..#...##...##...#...#######
#..#...##...##gg.#####
#####..##....g..##
####..g)....## #...@##...#
#######...# #....# #....#
#....# ######


You could see a gnoll sergeant and 3 gnolls.

Vanquished Creatures
  Pikel (D:5)
  Pargi (Sewer)
  The ghost of CBASSkasper the Trooper, an amateur GnWn (D:4)
  4 ogres
  A scorpion (D:4)
  A killer bee (D:4)
  A howler monkey (D:5)
  2 hounds
  Crazy Yiuf (D:4)
  An iguana (D:5)
  3 orc wizards
  A gnoll (D:5)
  9 adders
  2 worms (D:2)
  2 dart slugs (D:1)
  14 orcs
  4 endoplasms
  3 giant cockroaches
  7 goblins
  5 hobgoblins
  8 jackals (D:1)
  2 quokkas
  12 ball pythons
  8 bats
  10 frilled lizards
  10 kobolds
  8 rats
122 creatures vanquished.

Notes
Turn   | Place    | Note
-------+----------+-------------------------------------------
     0 | D:1      | KittyFluff the Gargoyle Berserker began the quest for the
                  | Orb.
     0 | D:1      | Reached XP level 1. HP: 14/14 MP: 1/1
   170 | D:1      | Reached XP level 2. HP: 17/19 MP: 2/2
   670 | D:1      | Reached XP level 3. HP: 14/24 MP: 3/3
  1097 | D:1      | Reached ** piety under Trog
  1244 | D:2      | Reached XP level 4. HP: 20/29 MP: 4/4
  1385 | D:2      | Found a faded altar of an unknown god.
  2235 | D:3      | Reached XP level 5. HP: 18/33 MP: 5/5
  2561 | D:3      | Reached *** piety under Trog
  2886 | D:4      | Noticed an ogre
  2896 | D:4      | Killed an ogre
  2897 | D:4      | Reached skill level 1 in Stealth
  2897 | D:4      | Reached XP level 6. HP: 30/39 MP: 6/6
  2916 | D:4      | Found a staircase to the Ecumenical Temple.
  3149 | D:4      | Found a transporter.
  3150 | D:4      | Noticed CBASSkasper's ghost (amateur GnWn)
  3156 | D:4      | Found a transporter.
  3308 | D:4      | Found a glowing drain.
  3317 | Sewer    | Entered a sewer
  3376 | Sewer    | Noticed Pargi
  3395 | Sewer    | Killed Pargi
  3396 | Sewer    | Reached skill level 5 in Maces & Flails
  3870 | D:4      | Reached XP level 7. HP: 35/44 MP: 7/7
  4035 | D:4      | Found a runed translucent door.
  4036 | D:4      | Noticed Crazy Yiuf
  4044 | D:4      | Killed Crazy Yiuf
  4104 | D:4      | Found Gyoral's General Store.
  4835 | D:4      | Reached skill level 5 in Fighting
  4835 | D:4      | Reached skill level 1 in Staves
  4842 | D:4      | Killed CBASSkasper's ghost
  4843 | D:4      | Reached XP level 8. HP: 26/49 MP: 8/8
  5096 | D:5      | Entered Level 5 of the Dungeon
  5145 | D:5      | Found a broken altar of Ashenzari.
  5184 | D:5      | Noticed Pikel
  5201 | D:5      | Killed Pikel
  5202 | D:5      | Reached skill level 5 in Armour
  5527 | D:5      | Found a burning altar of Makhleb.
  5569 | D:5      | Reached skill level 5 in Staves
  5571 | D:5      | HP: 2/50 [gnoll sergeant/+0 spear (10)]
  5571 | D:5      | Slain by a gnoll sergeant

Illustrated notes

Levels and vault maps discovered:
D:1:      tarquinn_simple_flora_water_e, layout_loops_corners,
          minmay_misc_feat_rows
D:2:      layout_loops_cross, hellmonk_ecumenical_altar_run_dry
D:3:      layout_loops_corners
D:4:      layout_loops_corners, minmay_temple_entry_sparse_star, serial_shops,
          shop, gammafunk_ghost_smash, portal_sewer_entry_d,
          minmay_fountain_box, minmay_manual_mess, uniq_crazy_yiuf_cottage
D:5:      layout_gridville, mainiacjoe_overflow_paths,
          nicolae_ashenzari_skybound, chequers_arboretum, uniq_edmund,
          uniq_menkaure, uniq_pikel, uniq_ijyb, uniq_sigmund
D:6:      layout_cave_pods

Skill      XL: |  1  2  3  4  5  6  7  8 |
---------------+-------------------------+-----
Fighting       | 4 5 |  5.5
Dodging        | 2 3 4 |  4.1
Armour         | 3 4 5 |  5.3
Maces & Flails | 4 5 |  5.5
Stealth        | 1 2 |  2.6
Staves         | 2 5 |  5.0

Action                   |  1- 3 |  4- 6 |  7- 9 || total
-------------------------+-------+-------+-------++-------
Melee: Mace              |   138 |   239 |     5 ||   382
       Punch             |       |     3 |       ||     3
       Quarterstaff      |       |       |    84 ||    84
Invok: Berserk           |     1 |     1 |     4 ||     6
  Use: Scroll            |       |     4 |     1 ||     5
 Stab: Sleeping          |       |     2 |     3 ||     5
Armor: Animal skin       |    58 |    22 |       ||    80
       Robe              |       |    75 |    47 ||   122
Dodge: Dodged            |   145 |   168 |    74 ||   387
